[Event "FIN-ch Seniors 2019"]
[Site "Helsinki"]
[Date "2019.06.13"]
[Round "4.3"]
[White "Nyrhinen, Harri"]
[Black "Visti, Heikki"]
[Result "1/2-1/2"]
[ECO "B07"]
[WhiteElo "2001"]
[BlackElo "2000"]
[Annotator "NA RC"]
[PlyCount "60"]
[EventDate "2019.06.10"]
[EventType "swiss"]
[EventCountry "FIN"]
[SourceTitle "playchess.com"]
[Source "ChessBase"]
[SourceQuality "1"]
[TimeControl "40/5400+30:1800+30"]

1. e4 d6 2. d4 Nf6 3. Nc3 Nbd7 4. f4 e5 5. fxe5 dxe5 6. dxe5 Nxe5 7. Qxd8+ Kxd8 8. Bf4 Bd6 9. O-O-O Ke7 10. Nf3 Nd3+ 11. Bxd3 Bxf4+ 12. Kb1 Be6 13. g3 Bh6 14. Rhe1 c6 15. Nd4 Rhe8 16. Nxe6 Kxe6 17. Bc4+ Ke7 18. e5 Ng8 19. Ne4 Kf8 20. Rd7 Re7 21. Red1 g6 22. Rxe7 Kxe7 23. Rf1 Rf8 24. Nd6 b5 25. Rxf7+ Rxf7 26. Bxf7 Nf6 27. exf6+ Kxd6 28. Bb3 c5 29. c4 b4 30. Bc2 Ke5 1/2-1/2

[Event "FIN-ch Seniors 2019"]
[Site "Helsinki"]
[Date "2019.06.13"]
[Round "4.4"]
[White "Peltola, Leo"]
[Black "Sihvonen, Tero"]
[Result "1-0"]
[ECO "B29"]
[WhiteElo "1933"]
[BlackElo "1983"]
[Annotator "NA RC"]
[PlyCount "39"]
[EventDate "2019.06.10"]
[EventType "swiss"]
[EventCountry "FIN"]
[SourceTitle "playchess.com"]
[Source "ChessBase"]
[SourceQuality "1"]
[TimeControl "40/5400+30:1800+30"]

1. e4 c5 2. Nf3 Nf6 3. Nc3 d5 4. exd5 Nxd5 5. Bb5+ Bd7 6.
Bxd7+ Qxd7 7. O-O Nc6 8. d4 cxd4 9. Nxd4 Nxc3 10. bxc3 e6 11.
Be3 Be7 12. Rb1 O-O 13. Qf3 Na5 14. Rb5 b6 15. Rh5 g6 16. Rh3 Rfd8 17. Rxh7 Bf8 18. Qh3 Bg7 19. Bg5 e5 20. Rxg7+ 1-0

[Event "FIN-ch Seniors 2019"]
[Site "Helsinki"]
[Date "2019.06.13"]
[Round "4.5"]
[White "Kangas, Mauno"]
[Black "Leukkunen, Raimo"]
[Result "0-1"]
[ECO "A04"]
[WhiteElo "1831"]
[BlackElo "1876"]
[Annotator "NA RC"]
[PlyCount "95"]
[EventDate "2019.06.10"]
[EventType "swiss"]
[EventCountry "FIN"]
[SourceTitle "playchess.com"]
[Source "ChessBase"]
[SourceQuality "1"]
[TimeControl "40/5400+30:1800+30"]

1. Nf3 f5 2. g3 e6 3. Bg2 Be7 4. c4 c5 5. Nc3 Nc6 6. d4 cxd4 7. Nxd4 Nf6 8.
a3 a5 9. Ndb5 O-O 10. Nd6 Ra6 11. Ncb5 b6 12. Bf4 Nh5 13. Nxc8 Qxc8 14. Nd6 Qb8 15. Nxf5 Nxf4 16. Nxe7+ Nxe7 17. gxf4 Qxf4 18. Bf3 d6 19. Qd3 Ra7 20. Rd1 Rd7 21. b4 axb4 22. axb4 Rc8 23. Rg1 Qxc4 24. Rg4 Qxd3 25. Rxd3 d5 26. e4 d4 27. e5 Nf5 28. b5 Rc5 29. Bc6 Rxe5+ 30. Kd2 Ra7 31. Kc1 Ra2 32. Re4 Rxe4 33. Bxe4 Rxf2 34. Ra3 Kf7 35. Ra7+ Kf6 36. Ra6 Nd6 37. Bd3 Rf3 38. Kd2 Rf2+ 39. Ke1 Rxh2 40. Rxb6 Ke5 41. Rb8 Rb2 42. b6 h5 43. Ba6 h4 44. b7 h3 45. Rd8 h2 46. Rh8 Nxb7 47. Rh5+ Kd6 48. Kd1 0-1

[Event "FIN-ch Seniors 2019"]
[Site "Helsinki"]
[Date "2019.06.13"]
[Round "4.6"]
[White "Koskinen, Veikko"]
[Black "Terasalo, Kari"]
[Result "1/2-1/2"]
[ECO "A03"]
[WhiteElo "1866"]
[BlackElo "1780"]
[Annotator "NA RC"]
[PlyCount "39"]
[EventDate "2019.06.10"]
[EventType "swiss"]
[EventCountry "FIN"]
[SourceTitle "playchess.com"]
[Source "ChessBase"]
[SourceQuality "1"]
[TimeControl "40/5400+30:1800+30"]

1. f4 c5 2. Nf3 Nc6 3. g3 Nf6 4. Bg2 d5 5. O-O Bf5 6. d3 e6 7. c3 Bd6 8. Na3 a6 9. Nc2 d4 10. e4 dxe3 11. Nxe3 O-O 12. Ne5 Nxe5 13. fxe5
Bxe5 14. Nxf5 exf5 15. Rf2 f4 16. Rxf4 Qc7 17. Rf5 Rae8 18.
Qf3 Qd6 19. Bg5 h6 20. Rd1 1/2-1/2

[Event "FIN-ch Seniors 2019"]
[Site "Helsinki"]
[Date "2019.06.14"]
[Round "5.1"]
[White "Auvinen, Esa"]
[Black "Aakio, Seppo"]
[Result "1/2-1/2"]
[ECO "C41"]
[WhiteElo "1899"]
[BlackElo "2051"]
[Annotator "NA"]
[PlyCount "43"]
[EventDate "2019.06.10"]
[EventType "swiss"]
[EventCountry "FIN"]
[SourceTitle "playchess.com"]
[Source "ChessBase"]
[SourceQuality "1"]
[TimeControl "40/5400+30:1800+30"]

1. e4 d6 2. d4 Nd7 3. Nf3 e5 4. Nc3 Ngf6 5. Bc4 Be7 6. O-O O-O 7. Bb3 c6 8. a4 a5 9. Qe2 Qc7 10. Rd1 exd4 11. Nxd4 Nc5 12. Bc4 Re8 13. f3 h6 14. Be3 Bf8 15. Qf2 Nfd7 16. Ba2 Ne5 17. Qg3 Kh7 18. Nb3 Be6 19. Nxc5 Bxa2 20. Nxa2 dxc5 21. b3 f6 22. Nc3 1/2-1/2

[Event "FIN-ch Seniors 2019"]
[Site "Helsinki"]
[Date "2019.06.14"]
[Round "5.2"]
[White "Leukkunen, Raimo"]
[Black "Peltola, Leo"]
[Result "1/2-1/2"]
[ECO "B92"]
[WhiteElo "1876"]
[BlackElo "1933"]
[Annotator "NA"]
[PlyCount "43"]
[EventDate "2019.06.10"]
[EventType "swiss"]
[EventCountry "FIN"]
[SourceTitle "playchess.com"]
[Source "ChessBase"]
[SourceQuality "1"]
[TimeControl "40/5400+30:1800+30"]

1. e4 c5 2. Nf3 d6 3. d4 cxd4 4. Nxd4 Nf6 5. Nc3 a6 6. Be2 e5 7. Nb3 Be6 8. O-O Nbd7 9. Be3 Be7 10. a4 O-O 11. h3 Rc8 12. Qd2 Qc7 13.
Rfd1 Rfe8 14. Rac1 Nb6 15. a5 Nc4 16. Bxc4 Qxc4 17. f3 h6 18.
Qf2 Kh7 19. Qf1 Qc6 20. Nd5 Bxd5 21. exd5 Qc4 22. Qd3+ 1/2-1/2

[Event "FIN-ch Seniors 2019"]
[Site "Helsinki"]
[Date "2019.06.14"]
[Round "5.3"]
[White "Hurme, Harri"]
[Black "Nyrhinen, Harri"]
[Result "1-0"]
[ECO "A61"]
[WhiteElo "2122"]
[BlackElo "2001"]
[Annotator "NA"]
[PlyCount "89"]
[EventDate "2019.06.10"]
[EventType "swiss"]
[EventCountry "FIN"]
[SourceTitle "playchess.com"]
[Source "ChessBase"]
[SourceQuality "1"]
[TimeControl "40/5400+30:1800+30"]

1. d4 Nf6 2. c4 c5 3. d5 e6 4. Nc3 exd5 5. cxd5 d6 6. Nf3 g6 7. Bf4 a6 8. a4 Bg7 9. h3 O-O 10. e3 Qe7 11. Be2 Nbd7 12. O-O Rb8 13. Bh2 Ne8 14. Nd2 f5 15.
a5 b5 16. axb6 Rxb6 17. Nc4 Rb4 18. Qc2 Ndf6 19. Rfd1 Ne4 20. Na4 Bd7 21. Nab6 Bb5 22. f3 Bxc4 23. Nxc4 Ng5 24. Rxa6 Nf7 25. Ra3 Nf6 26. Bg3 Nd7 27. Ra7 Nfe5 28. Bxe5 Bxe5 29. f4 Bg7 30. Rda1 Rfb8 31. R1a2 R8b7 32. Rxb7 Rxb7 33. Ra6 Bxb2 34. Rxd6 Bg7 35. Re6 Qd8 36. Bf3 Ra7 37. Kh2 Qb8 38. d6 Ra6 39. Bd5 Kf8 40. Re7 Rxd6 41. Rf7+ Ke8 42. Nxd6+ Qxd6 43. Qa2 Nb6 44. Rxg7 Qxd5 45. Qa7 1-0

[Event "FIN-ch Seniors 2019"]
[Site "Helsinki"]
[Date "2019.06.14"]
[Round "5.4"]
[White "Visti, Heikki"]
[Black "Kivipelto, Kaj"]
[Result "0-1"]
[ECO "B04"]
[WhiteElo "2000"]
[BlackElo "2130"]
[Annotator "NA"]
[PlyCount "84"]
[EventDate "2019.06.10"]
[EventType "swiss"]
[EventCountry "FIN"]
[SourceTitle "playchess.com"]
[Source "ChessBase"]
[SourceQuality "1"]
[TimeControl "40/5400+30:1800+30"]

1. e4 Nf6 2. e5 Nd5 3. d4 d6 4. Nf3 g6 5. Bc4 Nb6 6. Bb3 Bg7 7. O-O O-O 8. h3 Nc6 9. exd6 Qxd6 10. c3 Bf5 11. Bg5 Na5 12. Qe2 Nxb3 13.
axb3 Rfe8 14. Bh4 Nd5 15. Bg3 Qb6 16. Nbd2 c5 17. dxc5 Qxc5 18. b4 Qc8 19. Nc4 Nf6 20. Nd4 Be4 21. Ne5 Bd5 22. Rfd1 Ne4 23. Nb5 Nxg3 24. fxg3 Be6 25. Nd4 a6 26. Kh2 Bd5 27. Ra5 b5 28. Nxb5 e6 29. Nd4 Qc7 30. Nef3 Bb7 31. Rc5 Qb6 32. Ne5 Bd5 33. Nec6 Bf8 34. c4 Bxc6 35. Rxc6 Qxb4 36. Rd3 Bg7 37. Rc7 Qb6 38. Rc6 Qb7 39. Rd6 e5 40. Rb3 Qe7 41. Rdb6 exd4 42. Qf3 Qe4 0-1

[Event "FIN-ch Seniors 2019"]
[Site "Helsinki"]
[Date "2019.06.14"]
[Round "5.5"]
[White "Sihvonen, Tero"]
[Black "Ruotanen, Helge"]
[Result "1/2-1/2"]
[ECO "B06"]
[WhiteElo "1983"]
[BlackElo "1920"]
[Annotator "NA"]
[PlyCount "54"]
[EventDate "2019.06.10"]
[EventType "swiss"]
[EventCountry "FIN"]
[SourceTitle "playchess.com"]
[Source "ChessBase"]
[SourceQuality "1"]
[TimeControl "40/5400+30:1800+30"]

1. f4 g6 2. e4 Bg7 3. Nf3 Nc6 4. Bc4 Na5 5. Be2 c5 6. O-O c4 7. Nc3 b5 8. d4 b4 9. Na4 Nf6 10. Ng5 h6 11. Nxf7 Kxf7 12. e5 Nd5 13.
f5 g5 14. Bh5+ Kg8 15. c3 d6 16. Bf3 Bb7 17. cxb4 Nxb4 18. Bxb7 Nxb7 19. Qf3 dxe5 20. Qxb7 Rb8 21. Qf3 exd4 22. Qe4 Bf6 23. Qe6+ Kg7 24. Qxc4 Qa5 25. Nc5 Rhc8 26. Ne6+ Kh7 27. Qe2 Qb5 1/2-1/2

[Event "FIN-ch Seniors 2019"]
[Site "Helsinki"]
[Date "2019.06.14"]
[Round "5.6"]
[White "Terasalo, Kari"]
[Black "Lyly, Seppo"]
[Result "1/2-1/2"]
[ECO "B50"]
[WhiteElo "1780"]
[BlackElo "1907"]
[Annotator "NA"]
[PlyCount "40"]
[EventDate "2019.06.10"]
[EventType "swiss"]
[EventCountry "FIN"]
[SourceTitle "playchess.com"]
[Source "ChessBase"]
[SourceQuality "1"]
[TimeControl "40/5400+30:1800+30"]

1. e4 c5 2. Nf3 d6 3. c3 Nf6 4. d3 Nc6 5. Bg5 e6 6. Nbd2 Be7 7. Be2 O-O 8.
O-O Rb8 9. Re1 b5 10. Rb1 a5 11. d4 cxd4 12. cxd4 Qb6 13. Be3 d5 14. e5 Ng4 15. Bf4 Bd7 16. h3 Nh6 17. Bxh6 gxh6 18. Nf1 Kh8 19. Qd2 Rg8 20. Qxh6 Rg6 1/2-1/2

[Event "FIN-ch Seniors 2019"]
[Site "Helsinki"]
[Date "2019.06.14"]
[Round "5.7"]
[White "Patola, Eero"]
[Black "Koskinen, Veikko"]
[Result "0-1"]
[ECO "B01"]
[WhiteElo "1853"]
[BlackElo "1866"]
[Annotator "NA"]
[PlyCount "82"]
[EventDate "2019.06.10"]
[EventType "swiss"]
[EventCountry "FIN"]
[SourceTitle "playchess.com"]
[Source "ChessBase"]
[SourceQuality "1"]
[TimeControl "40/5400+30:1800+30"]

1. e4 d5 2. exd5 Qxd5 3. Qf3 Nf6 4. Qxd5 Nxd5 5. a3 Bf5 6. d3 Nc6 7. Nf3 e5 8. Bd2 a6 9. Nc3 Nb6 10. Be3 Nd7 11. Be2 f6 12. h3 Bc5 13.
Bxc5 Nxc5 14. Nd5 O-O-O 15. Nc3 Nd4 16. Bd1 g5 17. b4 Nce6 18.
Nxd4 Nxd4 19. Ne2 h5 20. Nxd4 Rxd4 21. Be2 Bg6 22. Rd1 Rhd8 23. O-O R4d6 24. g3 Rd4 25. Rb1 h4 26. Kh2 e4 27. dxe4 Bxe4 28.
Rbc1 hxg3+ 29. Kxg3 Rd2 30. Bd1 f5 31. f3 Bc6 32. Rg1 R8d4 33.
Rf1 f4+ 34. Kg4 Rg2+ 35. Kf5 Bd7+ 36. Ke5 Rgd2 37. c4 Rd6 38. Bc2 Re6+ 39. Kf5 Ree2+ 40. Kxg5 Rxc2 41. Kxf4 Bxh3 0-1

[Event "FIN-ch Seniors 2019"]
[Site "Helsinki"]
[Date "2019.06.14"]
[Round "5.8"]
[White "Gronroos, Matti"]
[Black "Kangas, Mauno"]
[Result "1-0"]
[ECO "B07"]
[WhiteElo "1931"]
[BlackElo "1831"]
[Annotator "NA"]
[PlyCount "71"]
[EventDate "2019.06.10"]
[EventType "swiss"]
[EventCountry "FIN"]
[SourceTitle "playchess.com"]
[Source "ChessBase"]
[SourceQuality "1"]
[TimeControl "40/5400+30:1800+30"]

1. e4 d6 2. d4 Nf6 3. Nc3 g6 4. Bf4 Bg7 5. Qd2 O-O 6. O-O-O c6 7. f3 Qa5 8. Kb1 Be6 9. Nd5 Qd8 10. Nxf6+ Bxf6 11. Bh6 Re8 12. h4 b5 13. h5 a5 14. d5 Bd7 15. hxg6 fxg6 16. Ne2 Na6 17. Nd4 cxd5 18. exd5 Qb6 19. Be3 Qb7 20. Ne2 Nc5 21. Bxc5 dxc5 22. Qh6 Bg7 23. Qxh7+ Kf7 24. Nf4 Ra6 25. Qh2 Rh8 26. Nh3 Kf8 27. Qg3 Rd6 28. Qf4+ Bf6 29. Qd2 c4 30. Be2 Rh5 31. Nf4 Bg5 32. Rxh5 gxh5 33. Qd4 e5 34. Qxe5 Bxf4 35. Qxf4+ Ke7 36. Qe5+ 1-0

[Event "FIN-ch Seniors 2019"]
[Site "Helsinki"]
[Date "2019.06.15"]
[Round "6.1"]
[White "Leukkunen, Raimo"]
[Black "Hurme, Harri"]
[Result "*"]
[ECO "A03"]
[WhiteElo "1876"]
[BlackElo "2122"]
[Annotator "NA"]
[PlyCount "84"]
[EventDate "2019.06.10"]
[EventType "swiss"]
[EventCountry "FIN"]
[SourceTitle "playchess.com"]
[Source "ChessBase"]
[SourceQuality "1"]
[TimeControl "40/5400+30:1800+30"]

1. f4 d5 2. Nf3 Nf6 3. e3 g6 4. Nc3 Bg7 5. b3 O-O 6. Bb2 {
[%emt 0:00:07] A03: Bird's Opening with 1...d5} c5 7. Ne2 (7. Na4 b6 8. Be2 Bb7 9. Ne5 Qd6 10. Bf3 Ne4 11. O-O Ng5 12. d4
Nxf3+ 13. Rxf3 cxd4 14. exd4 {0-1 (63) Schuster,P (2473)-Zhak,B (2651) ICCF
email 2012}) 7... e6 $146 ({Predecessor:} 7... Nc6 8. Ng3 Nd7
9. Bxg7 Kxg7 10. Be2 e5 11. fxe5 Ndxe5 12. O-O b6 13. a3 Qc7 14. Nxe5 Qxe5 {
1/2-1/2 (36) Uphoff,J (1581)-Scheerer,J (1364) Heusenstamm 2018}) 8. h3 Nc6 9. d3 b5 10. g4 Bb7 11. Bg2 {[%emt 0:00:31] [#]} (11.
g5 $142 Nh5 12. d4) 11... d4 (11... Nxg4 $1 $17 12. Bxg7 (12. hxg4 Bxb2) 12... Nxe3 {[%mdl 64] Double Attack} 13. Bxf8 Kxf8)
12. e4 Nd7 13. O-O a5 14. a3 Qc7 15. Bc1 Nb6 16. Qe1 c4 17.
e5 Rfd8 18. Qf2 Rd7 19. Nfxd4 Nxd4 $15 20. Nxd4 Bxg2 21. Kxg2 Rad8 22. Be3 Nd5 23. Nf3 cxb3 24. cxb3 Nxe3+ 25. Qxe3 Rxd3 26. Rac1 Qb7 27. Qc5 Rxb3 28. Rc3 Bf8 29. Qe3 Rxc3 30. Qxc3 b4 31. axb4 axb4 32. Qb3 Qe4 33. Kg3 Rd3 34. Qb2 h6 35. h4 b3 36. Qf2 Ba3 37.
Qa7 b2 38. Qb8+ Kg7 39. g5 b1=Q 40. gxh6+ Kh7 41. Qxb1 Rxf3+ 42. Kg2 Qe2+ *

[Event "FIN-ch Seniors 2019"]
[Site "Helsinki"]
[Date "2019.06.15"]
[Round "6.1"]
[White "Leukkunen, Raimo"]
[Black "Hurme, Harri"]
[Result "0-1"]
[ECO "A03"]
[WhiteElo "1876"]
[BlackElo "2122"]
[Annotator "ChessBase"]
[PlyCount "84"]
[EventDate "2019.06.10"]
[EventType "swiss"]
[EventCountry "FIN"]
[SourceTitle "playchess.com"]
[Source "ChessBase"]
[SourceQuality "1"]
[TimeControl "40/5400+30:1800+30"]

1. f4 d5 2. Nf3 Nf6 3. e3 g6 4. Nc3 Bg7 5. b3 O-O 6. Bb2 c5 7. Ne2 e6 8. h3 Nc6 9. d3 b5 10. g4 Bb7 11. Bg2 d4 12. e4 Nd7 13. O-O a5 14. a3 Qc7 15. Bc1 Nb6 16. Qe1 c4 17. e5 Rfd8 18. Qf2 Rd7 19. Nfxd4 Nxd4 20. Nxd4 Bxg2 21. Kxg2 Rad8 22. Be3 Nd5 23. Nf3 cxb3 24. cxb3 Nxe3+ 25. Qxe3 Rxd3 26. Rac1 Qb7 27. Qc5 Rxb3 28.
Rc3 Bf8 29. Qe3 Rxc3 30. Qxc3 b4 31. axb4 axb4 32. Qb3 Qe4 33. Kg3 Rd3 34. Qb2 h6 35. h4 b3 36. Qf2 Ba3 37. Qa7 b2 38.
Qb8+ Kg7 39. g5 b1=Q 40. gxh6+ Kh7 41. Qxb1 Rxf3+ 42. Kg2 Qe2+ {[%emt 0:
54:20] Kg3 Qe4+} 0-1

[Event "FIN-ch Seniors 2019"]
[Site "Helsinki"]
[Date "2019.06.15"]
[Round "6.2"]
[White "Aakio, Seppo"]
[Black "Kivipelto, Kaj"]
[Result "*"]
[ECO "B73"]
[WhiteElo "2051"]
[BlackElo "2130"]
[Annotator "ChessBase"]
[PlyCount "43"]
[EventDate "2019.06.10"]
[EventType "swiss"]
[EventCountry "FIN"]
[SourceTitle "playchess.com"]
[Source "ChessBase"]
[SourceQuality "1"]
[TimeControl "40/5400+30:1800+30"]

1. e4 c5 2. Nf3 Nc6 3. d4 cxd4 4. Nxd4 Nf6 5. Nc3 d6 6. Be2 g6 7. Be3 Bg7 8. O-O O-O 9. a4 Ng4 10. Bxg4 Bxg4 11. Qxg4 Nxd4 12. Qd1 Nc6 13. Nd5 Bxb2 14. Rb1 Bg7 15. Rxb7 e6 16. Nf4 Na5 17. Rxa7 Nc4 18. Qd3 Nxe3 19. Rxa8 Qxa8 20. fxe3 Qxa4 21. Qxd6 Qxe4 22. Qd3 *

[Event "FIN-ch Seniors 2019"]
[Site "Helsinki"]
[Date "2019.06.15"]
[Round "6.3"]
[White "Peltola, Leo"]
[Black "Auvinen, Esa"]
[Result "*"]
[ECO "C63"]
[WhiteElo "1933"]
[BlackElo "1899"]
[Annotator "NA"]
[PlyCount "81"]
[EventDate "2019.06.10"]
[EventType "swiss"]
[EventCountry "FIN"]
[SourceTitle "playchess.com"]
[Source "ChessBase"]
[SourceQuality "1"]
[TimeControl "40/5400+30:1800+30"]

1. e4 e5 2. Nf3 Nc6 3. Bb5 f5 4. Nc3 fxe4 5. Nxe4 Nf6 6. Qe2 d6 7. d4 Bg4 8. dxe5 dxe5 9. O-O (9.
Bg5 $142) 9... Bd6 10. h3 Bxf3 11. Nxd6+ ({Of course not} 11. gxf3 $6 Qd7 $11) (11. Qxf3
$16 O-O 12. c3) 11... cxd6 12. Qxf3 Qb6 13. Qb3 $16 O-O-O 14. Be3 Qc7 15. Rfd1 Kb8 16. c3 Rhe8 17. a4 Ka8 18. a5 Rc8 19. Qa3 d5 20. Bb6 Qe7 21.
Qa4 a6 22. Bf1 Nb8 23. Rac1 Qd7 24. Qa3 Qe7 25. b4 Nbd7 26. Be3 Rc7 27. Qb2 Rec8 28. b5 Nb8 29. bxa6 bxa6 30. Bb6 Rc6 31. Re1 e4 32. Bd4 R8c7 33. Rb1 Rb7 34. Qa2 Qd7 35. Rxb7 Kxb7 36. Qb3+ Ka8 37. Rb1 Qc7 38. Be5 Qc8 39. Bxb8 Rxc3 40. Qb6 Rc6 41. Qb2 *

[Event "FIN-ch Seniors 2019"]
[Site "Helsinki"]
[Date "2019.06.15"]
[Round "6.4"]
[White "Koskinen, Veikko"]
[Black "Ruotanen, Helge"]
[Result "*"]
[ECO "B06"]
[WhiteElo "1866"]
[BlackElo "1920"]
[Annotator "NA"]
[PlyCount "41"]
[EventDate "2019.06.10"]
[EventType "swiss"]
[EventCountry "FIN"]
[SourceTitle "playchess.com"]
[Source "ChessBase"]
[SourceQuality "1"]
[TimeControl "40/5400+30:1800+30"]

1. e4 d6 2. d4 g6 3. f4 Bg7 4. Nc3 Nc6 5. Be3 e5 6. dxe5 Nh6 7. Nf3 O-O {[%emt 0:00:30] [#]}
8. Qd2 (8. h3 $142 $1) 8... dxe5 9. fxe5 Qxd2+ 10. Bxd2 Bd7 {[%emt 0:
00:30] [#]} 11. h3 $16 Rfe8 12. Nd5 Red8 13. Bg5 Kh8 14.
Bxd8 Rxd8 15. O-O-O Nxe5 16. Nxe5 Bxe5 17. Nc3 Kg7 18. g4 Kf8 19. Bg2 c6 20. Rhf1 Ke7 21. Ne2 *

[Event "FIN-ch Seniors 2019"]
[Site "Helsinki"]
[Date "2019.06.15"]
[Round "6.5"]
[White "Nyrhinen, Harri"]
[Black "Terasalo, Kari"]
[Result "1-0"]
[ECO "B22"]
[WhiteElo "2001"]
[BlackElo "1780"]
[Annotator "NA"]
[PlyCount "93"]
[EventDate "2019.06.10"]
[EventType "swiss"]
[EventCountry "FIN"]
[SourceTitle "playchess.com"]
[Source "ChessBase"]
[SourceQuality "1"]
[TimeControl "40/5400+30:1800+30"]

1. e4 c5 2. c3 Nc6 3. d4 cxd4 4. cxd4 e6 5. Nc3 a6 (5... d5 $1 $11
) 6. Nf3 b5 7. Bd3 Nf6 8. O-O Be7 9. Bf4 Bb7 ({Black should try} 9... Nb4 $14) 10. d5 Nb4 11. d6 Bf8 $16 12. Bb1 Nh5 13. Be3 Nf6 14. Bc5 Nc6 15. e5 Ng8 16. Bd3 Nxe5 17.
Be4 Nxf3+ 18. Bxf3 Bxf3 19. Qxf3 Rc8 20. b4 Nf6 21. a4 bxa4 22.
Rxa4 g6 23. Rxa6 Bg7 24. Bb6 Rxc3 25. Qxc3 Qb8 26. Bc7 Qc8 27. b5 O-O 28. Qb3 Qb7 29. Rfa1 Qe4 30. Qf3 Qc2 31. Ra8 Ne8 32. Qd1 Qf5 33. Rb1 Be5 34. b6 Bd4 35. Qe1 Bxf2+ 36. Qxf2 Qxb1+ 37. Qf1 Qb4 38. Qd1 Qc5+ 39. Kh1 Qc6 40. Rb8 h5 41. h3 Ng7 42.
Rxf8+ Kxf8 43. Qf3 Qc1+ 44. Kh2 Nf5 45. b7 Ne3 46. b8=Q+ Kg7 47. Qb5 1-0

[Event "FIN-ch Seniors 2019"]
[Site "Helsinki"]
[Date "2019.06.15"]
[Round "6.6"]
[White "Lyly, Seppo"]
[Black "Visti, Heikki"]
[Result "1/2-1/2"]
[ECO "D11"]
[WhiteElo "1907"]
[BlackElo "2000"]
[Annotator "NA"]
[PlyCount "54"]
[EventDate "2019.06.10"]
[EventType "swiss"]
[EventCountry "FIN"]
[SourceTitle "playchess.com"]
[Source "ChessBase"]
[SourceQuality "1"]
[TimeControl "40/5400+30:1800+30"]

1. c4 Nf6 2. Nc3 e6 3. g3 d5 4. cxd5 exd5 5. Bg2 Be7 6. Nf3 O-O 7. d4 h6 8. O-O c6 9. Bf4 Bf5 10. Qb3 Qb6 11. Qxb6 axb6 12. a3 {[%emt 0:00:30] D11: Slav Defence:
3 Nf3 sidelines and 3...Nf6 4 e3 Bg4} (12. Ne5 b5 13. a3 Nbd7 14. Rfd1 Rfd8 15.
f3 Nb6 16. e4 Be6 17. Bf1 dxe4 18. fxe4 Bb3 19. Re1 Na4 20. Nxa4 Rxa4 {0-1 (51)
Ursan,P (2204)-Bokros,A (2489) Corund 2016}) 12... Nbd7 13.
Nd2 b5 14. f3 Nb6 $146 ({Predecessor:} 14... g5 15. Be3 Rfe8 {1/2-1/2 (40) Oe,O (1927)
-Madsen,S (2052) Skorping 2017}) 15. e4 dxe4 16. fxe4 Be6 17. d5 Bc5+ 18. Kh1 cxd5 19. Nb3 Be7 20. e5 $15 Ne4 21. Nxb5 g5 22. Be3 Nc4 23. Bd4 Ncd2 24. Nxd2 Nxd2 25. Rf2 Nb3 26. Rd1 Nxd4 27. Rxd4 Rfd8 1/2-1/2

[Event "FIN-ch Seniors 2019"]
[Site "Helsinki"]
[Date "2019.06.15"]
[Round "6.7"]
[White "Sorri, Kari Juhani"]
[Black "Sihvonen, Tero"]
[Result "1-0"]
[ECO "D02"]
[WhiteElo "2184"]
[BlackElo "1983"]
[Annotator "ChessBase"]
[PlyCount "83"]
[EventDate "2019.06.10"]
[EventType "swiss"]
[EventCountry "FIN"]
[SourceTitle "playchess.com"]
[Source "ChessBase"]
[SourceQuality "1"]
[TimeControl "40/5400+30:1800+30"]

1. d4 d5 2. Nf3 Nf6 3. g3 Bf5 4. Bg2 c6 5. O-O Qc8 6. Re1 h6 7. Nbd2 Nbd7 8. b3 Ne4 9. Bb2 Ndf6 10. c4 Ng4 11. Nxe4 Bxe4 12. cxd5 cxd5 13. Qc1 Qf5 14. Qc7 Qd7 15. Qxd7+ Kxd7 16. Bh3 f5 17. Bxg4 fxg4 18. Ne5+ Kc7 19. Rac1+ Kb6 20. Nxg4 e6 21. Ne5 Bb4 22. Red1 Rac8 23. f3 Bc2 24. Rf1 Bd2 25. Nc4+ dxc4 26. Rxc2 Be3+ 27. Kg2 cxb3 28. Rc5 Rhd8 29. axb3 g5 30. Re5 Bxd4 31. Rxe6+ Rc6 32. Rxc6+ Kxc6 33. Rc1+ Kb6 34. Rd1 Bf6 35. Rxd8 Bxd8 36. g4 Kc5 37. Bg7 Kb4 38. Bxh6 Kxb3 39. f4 gxf4 40. g5 Kc2 41. g6 Bf6 42. g7 1-0

[Event "FIN-ch Seniors 2019"]
[Site "Helsinki"]
[Date "2019.06.15"]
[Round "6.8"]
[White "Saharinen, Petri"]
[Black "Gronroos, Matti"]
[Result "1-0"]
[ECO "D10"]
[WhiteElo "1719"]
[BlackElo "1931"]
[Annotator "NA"]
[PlyCount "79"]
[EventDate "2019.06.10"]
[EventType "swiss"]
[EventCountry "FIN"]
[SourceTitle "playchess.com"]
[Source "ChessBase"]
[SourceQuality "1"]
[TimeControl "40/5400+30:1800+30"]

1. d4 d5 2. c4 c6 3. Nc3 dxc4 4. a4 e5 5. dxe5 Qxd1+ 6. Nxd1 Na6 7. Bd2 Be6 8. Nc3 O-O-O 9. Nf3 h6 10. e3 Nb4 11. O-O-O Nd3+ 12. Bxd3 cxd3 13. Nd4 Bc4 14. b3 Ba6 15. Kb2 g6 16. f4 Ne7 17. Rc1 Kb8 18. Rhd1 c5 $16 (18... b6 $11) 19. Ndb5 Nc8 20. Ne4 b6 21. Bc3 Bxb5 22. axb5 Bg7 23. Nf2 Ne7 24. e4 h5 25. Rxd3 Bh6 26. Rcd1 Rxd3 27. Rxd3 Kc8 28. e6 Rh7 29. exf7 Rxf7 30. g3 g5 31. f5 g4 32. Rd6 Bg5 33. Nd3 Rh7 34. Be5 Rf7 35. Kc3 Be3 36.
Kc4 Bg1 37. Bf6 Bxh2 38. Bh4 Bg1 39. Ne5 Rh7 40. f6 1-0

[Event "FIN-ch Seniors 2019"]
[Site "Helsinki"]
[Date "2019.06.16"]
[Round "7.1"]
[White "Kivipelto, Kaj"]
[Black "Hurme, Harri"]
[Result "1/2-1/2"]
[ECO "A01"]
[WhiteElo "2130"]
[BlackElo "2122"]
[Annotator "RC"]
[PlyCount "97"]
[EventDate "2019.06.10"]
[EventType "swiss"]
[EventCountry "FIN"]
[SourceTitle "playchess.com"]
[Source "ChessBase"]
[SourceQuality "1"]
[TimeControl "40/5400+30:1800+30"]

1. b3 e5 2. Bb2 Nc6 3. Nf3 e4 4. Nd4 Nf6 5. e3 Bc5 6. Nxc6
dxc6 7. d4 Bd6 8. c4 O-O 9. c5 Be7 10. Nc3 Re8 11. Be2 Bf8 12. O-O Nd5 13. Nxd5 cxd5 14. f4 exf3 15. Rxf3 c6 16. h3 g6 17. Bd3 Bh6 18. Bc1 b6 19. Qf1 bxc5 20.
Rxf7 Qb6 21. e4 Bg7 22. e5 Be6 23. Rxg7+ Kxg7 24. Qf6+ Kg8 25. Bxg6 Qc7 26. Bxe8 Rxe8 27. Bh6 Qf7 28. Qg5+ Qg6 29. dxc5 Qxg5 30. Bxg5 Bf5 31. Bf4 d4 32. Kf2 Kf7 33. Rc1 Ke6 34. Ke2 h5 35. h4 Kd5 36. Kd2 a5 37. g3 Be6 38. Rc4 Rb8 39. Kd3 Bf5+ 40.
Ke2 Rb5 41. e6 Bxe6 42. Bd6 Bf5 43. Ra4 Ke4 44. Be7 Ke5 45.
Bd6+ Kd5 46. Kd2 Bg4 47. Kd3 Bf5+ 48. Kd2 Bg4 49. Kd3 {[%emt 0:00:00] Ke5 Ke4+} 1/2-1/2

[Event "FIN-ch Seniors 2019"]
[Site "Helsinki"]
[Date "2019.06.16"]
[Round "7.3"]
[White "Nyrhinen, Harri"]
[Black "Leukkunen, Raimo"]
[Result "1-0"]
[ECO "C29"]
[WhiteElo "2001"]
[BlackElo "1876"]
[Annotator "NA RC"]
[PlyCount "61"]
[EventDate "2019.06.10"]
[EventType "swiss"]
[EventCountry "FIN"]
[SourceTitle "playchess.com"]
[Source "ChessBase"]
[SourceQuality "1"]
[TimeControl "40/5400+30:1800+30"]

1. e4 e5 2. Nc3 Nf6 3. f4 d5 4. fxe5 Nxe4 5. Nf3 Bg4 6. d3 Nxc3 7. bxc3 d4 8. Be2 dxc3 9. Be3 Ba3 10. O-O O-O 11. Qe1 Bb2 12. Rd1 Nc6 13. Qg3 Bh5 14. h4 Re8 15. Bh6 g6 16. d4 Qe7 17. Bc4 Na5 18.
Bd3 c5 19. d5 c4 20. Be4 Bxf3 21. Qxf3 f6 22. exf6 Qf7 23. d6 Rxe4 24. Qxe4 Nc6 25. d7 Ba3 26. Bg5 Bc5+ 27. Kh1 Rd8 28. Rfe1 Rf8 29. Rd5 b6 30. Rxc5 bxc5 31. Qxc6 1-0